 Dungeon Crawl Stone Soup version 0.27.1-34-g3ba077fa99 (webtiles) character file.

Game seed: 2716986062206413244

4337 Delamore the Slicer (level 10, -4/60 HPs)
             Began as an Octopode Brigand on Feb 12, 2022.
             Was an Initiate of Gozag.
             Splashed by an acid dragon's acid (15 damage)
             ... on level 9 of the Dungeon.
             The game lasted 00:11:16 (10532 turns).

Delamore the Slicer (Octopode Brigand)             Turns: 10532, Time: 00:11:17

Health: -4/60      AC:  4    Str: 16    XL:     10   Next: 33%
Magic:  10/10      EV: 13    Int: 15    God:    Gozag
Gold:   524        SH:  8    Dex: 16    Spells: 9/9 levels left

rFire    . . .     SeeInvis .   w - +2 rapier (vamp)
rCold    . . .     Faith    .   p - +3 buckler {AC+3}
rNeg     . . .     Spirit   .   g - +0 hat
rPois    .         Reflect  .   (no amulet)
rElec    .         Harm     .   e - +6 ring of strength
rCorr    .         Rampage  .   (no ring)
Will     .....                  (no ring)
Stlth    +++++.....             (no ring)
HPRegen  0.20/turn              (no ring)
MPRegen  0.12/turn              (no ring)
                                (no ring)
                                (no ring)

@: gold aura
A: almost no armour, amphibious, 8 rings, camouflage 1, gelatinous body 1,
(nimble swimmer 1), tentacles
a: Renounce Religion, Potion Petition, Call Merchant, Bribe Branch


You were on level 9 of the Dungeon.
You worshipped Gozag.
Gozag was pleased with you.
You visited 2 branches of the dungeon, and saw 10 of its levels.
You also visited: Ossuary.

You collected 979 gold pieces.
You spent 340 gold pieces at shops.
You paid 115 gold pieces to Gozag.

Inventory:

Hand Weapons
 a - a +2 dagger of venom
 w - a +2 vampiric rapier (weapon)
 y - a +0 dagger of holy wrath
 E - a +0 short sword of venom
Missiles
 b - 31 poisoned darts
 c - 4 curare-tipped darts
 k - 3 javelins (quivered)
 m - 2 throwing nets
 H - 18 boomerangs
Armour
 g - a +0 hat (worn)
 p - a +3 buckler of protection (worn)
Jewellery
 e - a +6 ring of strength (left tentacle)
 j - a ring of ice
Wands
 h - a wand of charming (28)
 o - a wand of mindburst (16)
 r - a wand of digging (9)
 G - a wand of flame (19)
Scrolls
 d - a scroll of immolation
 l - a scroll of summoning
 t - 2 scrolls of teleportation
 u - a scroll of fear {unknown}
 v - 3 scrolls of vulnerability {unknown}
 x - a scroll of enchant weapon {unknown}
 z - a scroll of blinking
 F - a scroll of brand weapon
Potions
 f - 2 potions of attraction
 i - 3 potions of degeneration
 n - 2 potions of lignification
 q - 2 potions of magic {unknown}
 s - a potion of heal wounds
 A - 2 potions of berserk rage
 B - 5 potions of flight
 C - 2 potions of haste {unknown}
 D - a potion of might {unknown}


   Skills:
 - Level 2.0 Fighting
 + Level 12.6 Short Blades
 - Level 2.0 Throwing
 - Level 1.0 Dodging
 - Level 10.0 Stealth
 - Level 4.0 Shields


You had 9 spell levels left.
You didn't know any spells.
Your spell library contained the following spells:

 Spells                   Type           Power      Damage    Failure   Level
 Passwall                 Tmut/Erth      0%         N/A       38%         2
 Slow                     Hex            0%         N/A       38%         2
 Confusing Touch          Hex            0%         N/A       63%         3
 Summon Guardian Golem    Hex/Summ       0%         N/A       63%         3
 Swiftness                Air            0%         N/A       63%         3
 Vampiric Draining        Necr           0%         2d6       63%         3
 Fulminant Prism          Conj/Hex       0%         3d6       95%         4
 Iskenderun's Mystic Bla  Conj/Tloc      0%         2d3       95%         4
 Lee's Rapid Deconstruct  Erth           0%         3d5*      100%        5
 Invisibility             Hex            0%         N/A       100%        6
 Orb of Destruction       Conj           0%         N/A       100%        7
 Spellforged Servitor     Conj/Summ      0%         N/A       100%        7


Dungeon Overview and Level Annotations

Branches:
Dungeon (9/15)             Temple (1/1) D:6         Ossuary (visited)
   Lair: D:8-11         Orc: D:9-12

Altars:
Ashenzari
Dithmenos
Fedhas
Gozag
Hepliaklqana
Kikubaaqudgha
Nemelex Xobeh
Okawaru
Qazlal
Trog
Uskayaw
Wu Jian
Xom
Yredelemnul
The Shining One
Beogh

Shops:
D:3 [   D:5 ?


Innate Abilities, Weirdness & Mutations

You cannot wear most types of armour.
You are amphibious.
You can wear up to eight rings at the same time.
Your skin changes colour to match your surroundings (Stealth+).
Your rubbery body absorbs attacks. (AC +1, EV +1)
((You are camouflaged near water. (Stealth+)))
You have tentacles for arms and can constrict up to eight enemies at once.


Message History

An orc comes into view. It is wielding a +0 flail.
The orc priest shouts!
The orc shouts!
An acid dragon comes into view.
The orc wizard shouts!
The orc wizard shouts!
The orc wizard mumbles some strange words.
The orc wizard flickers and vanishes!
The orc wizard gestures at you while chanting.
The puff of flame hits you!
You are confused.
The orc priest miscasts a cantrip.
You're too confused to move!
The acid dragon spits acid at you. The splash of acid hits you!
You are splashed with acid!
The orc wizard mumbles some strange words.
The orc wizard flickers and vanishes!
You hear some strange, mumbled words.
A magic dart appears from out of thin air!
The magic dart hits you. Something hits you.
You barely miss the orc priest. Something hits you.
You puncture the orc!
You feel better.
You kill the orc!
Something hits you but does no damage. Something hits you.
The orc priest mumbles some strange prayers to Beogh against you.
You struggle to resist.
You miss something. Your squeeze misses something. Something hits you.
You miss the acid dragon.
You feel less confused.
Something hits you but does no damage. x2; The orc priest barely misses you.
You feel much better. You block the acid dragon's attack. x2
Something hits you but does no damage. Something barely misses you.
The orc priest mumbles some strange prayers to Beogh against you.
Beogh smites you!
* * * LOW HITPOINT WARNING * * *
The acid dragon spits acid at you. The splash of acid hits you!
* * * LOW HITPOINT WARNING * * *
You are splashed with acid!
You die...
Your body crumbles into a pile of gold.

#....##
.......
##.......
#......./
##....^...
#.........
##.........
#..<.......
#..@.......
##.o.{......
#..{{D......
#...........
#...........
#...........
...........#
...........##
##..........#


You could see an acid dragon (catching breath) and an orc priest.

Vanquished Creatures
  Erica (D:8)
  Grinder (D:3)
  Prince Ribbit (D:7)
  Sigmund (D:4)
  A steam dragon (D:8)
  Edmund (D:4)
  2 orc warriors (D:8)
  2 sky beasts
  A black bear (D:8)
  An ogre (D:4)
  2 ice beasts (D:5)
  A phantom (D:5)
  A centaur (D:6)
  A kobold brigand (D:6)
  3 scorpions
  A water moccasin zombie (Ossuary)
  9 killer bees (D:8)
  3 centaur zombies
  2 howler monkeys
  3 hounds
  Crazy Yiuf (D:8)
  2 jellies
  A gnoll shaman (D:7)
  5 orc priests
  A centaur skeleton (D:7)
  7 iguanas
  7 orc wizards
  2 mummies (Ossuary)
  5 adders
  10 gnolls
  3 white imps
  2 ufetubi
  5 adder zombies (Ossuary)
  2 worms
  2 dart slugs
  42 orcs
  4 endoplasms
  5 giant cockroaches
  11 goblins
  12 hobgoblins
  4 jackals (D:2)
  23 kobolds
  3 quokkas
  9 ball pythons
  4 bats
  9 frilled lizards
  4 gnoll zombies (Ossuary)
  4 hobgoblin zombies (Ossuary)
  2 kobold zombies (Ossuary)
  5 orc zombies (Ossuary)
  7 rats
241 creatures vanquished.

Vanquished Creatures (others)
  7 plants (D:6)
7 creatures vanquished.

Grand Total: 248 creatures vanquished

Notes
Turn   | Place    | Note
-------+----------+-------------------------------------------
     0 | D:1      | Delamore the Octopode Brigand began the quest for the Orb.
     0 | D:1      | Reached XP level 1. HP: 14/14 MP: 1/1
    36 | D:1      | Found a faded altar of an unknown god.
   154 | D:1      | Reached XP level 2. HP: 13/19 MP: 2/2
   652 | D:1      | Reached XP level 3. HP: 24/24 MP: 3/3
  1651 | D:3      | Found Kitamn's Antique Armour Boutique.
  1653 | D:3      | Bought a hat for 68 gold pieces
  1838 | D:3      | Reached XP level 4. HP: 29/29 MP: 4/4
  1880 | D:3      | Noticed Grinder
  1887 | D:3      | Killed Grinder
  1888 | D:3      | Reached skill level 3 in Short Blades
  1888 | D:3      | Reached XP level 5. HP: 34/34 MP: 5/5
  1888 | D:3      | Reached XP level 6. HP: 39/39 MP: 6/6
  2206 | D:3      | Reached skill level 4 in Short Blades
  3746 | D:4      | Reached XP level 7. HP: 45/45 MP: 7/7
  4029 | D:4      | Noticed Sigmund
  4036 | D:4      | Killed Sigmund
  4037 | D:4      | Reached skill level 5 in Short Blades
  4037 | D:4      | Reached skill level 10 in Stealth
  4074 | D:4      | Noticed Edmund
  4080 | D:4      | Killed Edmund
  4081 | D:4      | Reached skill level 6 in Short Blades
  4349 | D:4      | Reached XP level 8. HP: 50/50 MP: 8/8
  4821 | D:4      | Identified 2 scrolls of acquirement
  4821 | D:4      | Acquired a +2 vampiric rapier
  4823 | D:4      | Acquired a +0 buckler of protection
  4884 | D:5      | Entered Level 5 of the Dungeon
  4896 | D:5      | Reached skill level 7 in Short Blades
  4896 | D:5      | Reached skill level 1 in Shields
  5177 | D:5      | Found a runed translucent door.
  5178 | D:5      | Noticed Crazy Yiuf
  5639 | D:5      | Found Pucobb's Magic Scroll Shoppe.
  5645 | D:5      | Bought a scroll of identify for 26 gold pieces
  5645 | D:5      | Bought a scroll of identify for 26 gold pieces
  5645 | D:5      | Bought a scroll of identify for 26 gold pieces
  5645 | D:5      | Bought a scroll of blinking for 97 gold pieces
  5933 | D:6      | Found a staircase to the Ecumenical Temple.
  5953 | Temple   | Entered the Ecumenical Temple
  6054 | D:5      | Reached skill level 8 in Short Blades
  6249 | D:6      | Reached XP level 9. HP: 50/54 MP: 9/9
  6416 | D:6      | Found a sand-covered staircase.
  6420 | Ossuary  | Entered an ossuary
  6574 | Ossuary  | Reached skill level 9 in Short Blades
  7280 | Temple   | Became a worshipper of Gozag Ym Sagoz the Greedy
  7378 | D:7      | Noticed Prince Ribbit
  7398 | D:7      | Killed Prince Ribbit
  7514 | D:7      | Reached skill level 10 in Short Blades
  8429 | D:5      | Bought a scroll of enchant armour for 97 gold pieces
  8766 | D:8      | Noticed Erica
  8770 | D:8      | Killed Erica
  8771 | D:8      | Reached skill level 11 in Short Blades
  8771 | D:8      | Reached XP level 10. HP: 60/60 MP: 10/10
  9203 | D:8      | Reached skill level 12 in Short Blades
  9210 | D:8      | Found a runed translucent door.
  9569 | D:8      | Killed Crazy Yiuf
 10532 | D:9      | Splashed by an acid dragon's acid

Illustrated notes

Levels and vault maps discovered:
D:1:      eino_arrival_cavern_b, layout_loops_cross,
          hellmonk_ecumenical_altar_blasted
D:2:      layout_basic, basic_altar
D:3:      layout_loops_cross, serial_shops, shop, uniq_grinder
D:4:      layout_layer_cave, uniq_edmund, uniq_sigmund
D:5:      layout_loops_ring, serial_shops, kennysheep_little_box,
          uniq_crazy_yiuf_cottage
D:6:      kennysheep_kobold_camp, layout_cave_pools,
          minmay_temple_entry_offerings, enter_ossuary_5
D:7:      layout_gridville, uniq_prince_ribbit1
D:8:      layout_loops_ring, minmay_curled_crystal, lightli_church_of_beogh,
          uniq_erica
D:9:      layout_cave_pods, gammafunk_ghost_abyssal_escape
Temple:   compressed_dpeg_circular_temple

Skill      XL: |  1  2  3  4  5  6  7  8  9 10 |
---------------+-------------------------------+-----
Stealth        | 6 8 9 10 | 10.0
Short Blades   | 3 4 6 8 11 12 | 12.6
Shields        | 4 |  4.0
Fighting       | |  2.0
Throwing       | |  2.0
Dodging        | |  1.0

Action                   |  1- 3 |  4- 6 |  7- 9 | 10-12 || total
-------------------------+-------+-------+-------+-------++-------
Melee: Dagger            |    75 |    78 |   149 |       ||   302
       Constrict         |    22 |    19 |    58 |    13 ||   112
       Tentacles         |    11 |    20 |    69 |    11 ||   111
       Rapier            |       |       |   122 |    82 ||   204
Throw: Javelin           |       |       |       |     2 ||     2
  Use: Scroll            |     4 |     3 |    11 |     2 ||    20
       Potion            |       |       |     3 |     1 ||     4
 Stab: Distracted        |     1 |     2 |     1 |     1 ||     5
       Sleeping          |    13 |     9 |    39 |     2 ||    63
Armor: Skin              |     7 |       |    32 |    11 ||    50
Dodge: Dodged            |    27 |    35 |   102 |    32 ||   196
Block: Buckler           |       |       |    29 |    33 ||    62
